 Dungeon Crawl Stone Soup version 0.26-a0-663-g36e8fdb655 (webtiles) character file.

Game seed: 7498111794798479153

26279 jiml777 the Thaumaturge (level 13, 0/101 HPs)
             Began as a Gnoll Warper on Oct 12, 2020.
             Was an Initiate of Gozag.
             Slain by a spriggan rider
             ... wielding the +8 trident of the Heavens {protect, rPois rC+ Dex+3}
              (2 damage)
             ... on level 4 of the Lair of Beasts.
             The game lasted 01:48:56 (19853 turns).

jiml777 the Thaumaturge (Gnoll Warper)             Turns: 19853, Time: 01:48:57

Health: 0/101      AC: 13    Str: 15    XL:     13   Next: 25%
Magic:  25/26      EV: 32    Int: 22    God:    Gozag
Gold:   772        SH:  0    Dex: 18    Spells: 21/31 levels left

rFire    . . .     SeeInvis .   L - +9 mace "Leoreof" {flame, MR+}
rCold    . . .     Faith    .   (no shield)
rNeg     . . .     Spirit   .   s - +0 ring mail of Distant Worlds {MR++ Str+2 Int+2}
rPois    +         Reflect  .   (no helmet)
rElec    .         Harm     .   m - +2 cloak
rCorr    .         Rampage  .   (no gloves)
MR       ++++.                  c - +2 pair of boots {Fly}
Stlth    ++++......             A - amulet of the acrobat
HPRegen  0.26/turn              S - ring of protection from magic
MPRegen  0.20/turn              N - ring of wizardry

@: acrobat, flying
A: distributed training, fangs 1, thin skeletal structure 1, poison resistance,
strong nose
a: Potion Petition, Call Merchant, Bribe Branch, Renounce Religion, Stop Flying


You were on level 4 of the Lair of Beasts.
You worshipped Gozag.
Gozag was pleased with you.
You visited 3 branches of the dungeon, and saw 16 of its levels.

You collected 2707 gold pieces.
You spent 1209 gold pieces at shops.
You paid 726 gold pieces to Gozag.

Inventory:

Hand Weapons
 j - a +7 long sword
 C - a +1 mace of holy wrath
 L - the +9 mace "Leoreof" (weapon) {flame, MR+}
   (You bought it in a shop on level 8 of the Dungeon)

   It has been specially enchanted to burn those struck by it, causing extra
   injury to most foes and up to half again as much damage against particularly
   susceptible opponents.
   It affects your resistance to hostile enchantments.
 M - a +2 scimitar of flaming
Missiles
 e - 4 boomerangs of dispersal
 p - 43 poisoned darts
 x - 2 curare-tipped darts (quivered)
 B - 5 javelins
 I - 6 boomerangs
 P - 4 atropa-tipped darts
Armour
 c - a +2 pair of boots of flying (worn)
 m - a +2 cloak (worn)
 s - the +0 ring mail of Distant Worlds (worn) {MR++ Str+2 Int+2}
   (You bought it in a shop on level 5 of the Dungeon)

   It affects your strength (+2).
   It affects your intelligence (+2).
   It affects your resistance to hostile enchantments.
 Y - a scarf of repulsion
Jewellery
 h - an uncursed ring of protection from fire
 n - an uncursed ring of protection from fire
 u - an uncursed ring of fire
 A - an amulet of the acrobat (around neck)
 F - an uncursed ring of poison resistance
 H - an uncursed ring of see invisible
 N - a ring of wizardry (right hand)
 S - a ring of protection from magic (left hand)
Wands
 f - a wand of paralysis (7)
 l - a wand of enslavement (7)
 v - a wand of digging (9)
 Q - a wand of flame (22)
 R - a wand of iceblast (7)
 W - a wand of acid (13)
Scrolls
 d - 2 scrolls of blinking
 g - a scroll of fear
 q - 4 scrolls of amnesia
 w - 6 scrolls of magic mapping
 y - 7 scrolls of remove curse
 E - 3 scrolls of fog
 G - 4 scrolls of teleportation
 K - 2 scrolls of immolation
 U - 2 scrolls of enchant armour
 V - a scroll of vulnerability
 X - a scroll of silence
Potions
 a - a potion of resistance
 b - 8 potions of haste
 i - 3 potions of brilliance
 o - 2 potions of mutation
 r - a potion of lignification
 z - 4 potions of curing
 D - 3 potions of stabbing
 J - a potion of magic {unknown}
 O - a potion of ambrosia {unknown}
 T - a potion of berserk rage {unknown}
Miscellaneous
 Z - a tin of tremorstones (3/3)


   Skills:
 + Level 9.3 Fighting
 + Level 8.1 Short Blades
 + Level 8.1 Long Blades
 + Level 8.1 Axes
 + Level 8.1 Maces & Flails
 + Level 9.3 Polearms
 + Level 8.1 Staves
 + Level 8.1 Slings
 + Level 8.1 Bows
 + Level 8.1 Crossbows
 + Level 8.5 Throwing
 + Level 8.5 Armour
 + Level 9.3 Dodging
 + Level 8.1 Stealth
 + Level 8.1 Shields
 + Level 8.1 Unarmed Combat
 + Level 9.6 Spellcasting
 + Level 6.7 Conjurations
 + Level 6.7 Hexes
 + Level 6.7 Summonings
 + Level 6.7 Necromancy
 + Level 8.8 Translocations
 + Level 6.7 Transmutations
 + Level 6.7 Fire Magic
 + Level 6.7 Ice Magic
 + Level 6.7 Air Magic
 + Level 6.7 Earth Magic
 + Level 6.7 Poison Magic
 + Level 8.9 Invocations
 + Level 8.1 Evocations


You had 21 spell levels left.
You knew the following spells:

 Your Spells              Type           Power        Failure   Level
a - Blink                 Tloc           N/A          1%          2
b - Teleport Other        Tloc           #####...     1%          3
c - Passage of Golubria   Tloc           N/A          1%          4
d - Apportation           Tloc           #####.       1%          1

Your spell library contained the following spells:

 Spells                   Type           Power        Failure   Level
 Animate Skeleton         Necr           #####.       1%          1
 Corona                   Hex            #####..      1%          1
 Summon Small Mammal      Summ           ####         1%          1
 Gell's Gravitas          Tloc           #####.....   1%          3
 Lesser Beckoning         Tloc           #####.....   1%          3


Dungeon Overview and Level Annotations

Branches:
Dungeon (11/15)            Temple (1/1) D:5            Lair (4/6) D:9
  Swamp (0/4) Lair:2        Snake (0/4) Lair:4
    Orc: D:9-12

Altars:
Ashenzari
Cheibriados
Dithmenos
Elyvilon
Fedhas
Gozag
Hepliaklqana
Kikubaaqudgha
Makhleb
Nemelex Xobeh
Okawaru
Qazlal
Ru
Sif Muna
Trog
Uskayaw
Wu Jian
Xom
Yredelemnul
Zin
The Shining One

Shops:
D:5 *   D:8 (   Temple [

Annotations:
D:6 3 runed translucent doors, oldriver's ghost, novice GrFi
Lair:2 exclusion: oklob plant
Lair:4 exclusion: oklob plant, TwistedFlax's ghost, journeyman MiBe


Innate Abilities, Weirdness & Mutations

Your experience applies equally to all skills.
You have very sharp teeth.
Your uncanny sense of smell can sniff out nearby items.
You have a somewhat thin skeletal structure. (Dex +2, Stealth)
Your system is resistant to poisons. (rPois)


Message History

TwistedFlax's ghost is severely damaged.
The spriggan rider hits you from afar with a +0 spear.
* * * LOW HITPOINT WARNING * * *
The boggart casts a spell.
The boggart flickers and vanishes!
Deactivating autopickup; reactivate with Ctrl-A.
The spriggan rider hits you from afar with the +8 trident of the Heavens {protect, rPois rC+ Dex+3}!
* * * LOW HITPOINT WARNING * * *
Casting: Blink (safe; 1% risk of failure)
Confirm with . or Enter, or press ? or * to list all spells.
You blink.
The spriggan completely misses you.
The spriggan rider hits you but does no damage.
The spriggan completely misses you. The spriggan rider misses you.
The spriggan rider hits you from afar with a +0 spear!!
* * * LOW HITPOINT WARNING * * *
The spriggan rider hits you from afar with the +8 trident of the Heavens {protect, rPois rC+ Dex+3}.
You die...
Your body crumbles into a pile of gold.

.......# ............ ##.......
............. #......>.
............... #### ## #........
..............# #..##.###........
..............###....##..........
#...............#................
##..........(..#@..........<.....
#................>...............
#.#........#.....iii...#.........
#........[.......S..W............
####.......P...........##........
##.....PPP.......h...#........
#####...####.....^.....###.......
P##..#### #.#..........#.#......>
....## ##............#....####


You could see 2 spriggan riders, a water moccasin (summoned), a black bear, a
spriggan and TwistedFlax's ghost (corroded).

Vanquished Creatures
  Erolcha (D:10)
  Harold (D:10)
  4 hydras
  Erica (D:9)
  3 two-headed ogres
  Urug (D:10)
  Sonja (Lair:3)
  Pikel (D:5)
  A lindwurm (Lair:3)
  A deep elf mage (D:7)
  Psyche (D:10)
  7 cane toads
  2 rime drakes
  6 komodo dragons
  A polar bear (Lair:2)
  A hornet (D:9)
  A troll (D:11)
  2 tyrant leeches (Lair:2)
  8 blink frogs (Lair:2)
  A wyvern (Lair:4)
  A wraith (D:9)
  19 yaks
  2 basilisks
  2 steam dragons (D:8)
  2 swamp worms (Lair:2)
  Edmund (D:6)
  A soldier ant (D:10)
  2 nagas (Lair:4)
  14 water moccasins
  2 black bears
  2 ice beasts
  3 sky beasts
  5 wolves (Lair:3)
  5 ogres
  3 centaurs
  2 phantoms
  2 lemures (D:5)
  A big kobold (D:10)
  5 bullfrogs
  2 scorpions
  6 howler monkeys
  12 killer bees
  16 wights
  A quasit (D:10)
  A centaur skeleton (D:9)
  3 hounds
  A jelly (D:7)
  A gnoll shaman (D:7)
  2 iguanas
  An orc wizard (D:7)
  5 worker ants
  2 hound skeletons
  A worker ant zombie (D:7)
  9 gnolls (D:7)
  A howler monkey skeleton (D:9)
  14 adders
  3 shadow imps
  A white imp (D:7)
  An adder zombie (D:5)
  4 worms
  A dart slug (D:1)
  12 leopard geckos
  12 orcs
  2 ball pythons
  8 bats
  3 giant cockroaches
  4 goblins
  8 hobgoblins
  2 frilled lizards
  7 kobolds
  A leopard gecko zombie (D:5)
  2 quokka zombies
  9 rats
277 creatures vanquished.

Vanquished Creatures (others)
  12 fungi
  18 plants
30 creatures vanquished.

Grand Total: 307 creatures vanquished

Notes
Turn   | Place    | Note
-------+----------+-------------------------------------------
     0 | D:1      | jiml777 the Gnoll Warper began the quest for the Orb.
     0 | D:1      | Reached XP level 1. HP: 20/20 MP: 6/6
   311 | D:1      | Reached XP level 2. HP: 25/26 MP: 7/7
   459 | D:1      | Learned a level 2 spell: Blink
   902 | D:2      | Reached skill level 5 in Spellcasting
   902 | D:2      | Reached XP level 3. HP: 25/31 MP: 7/9
  1053 | D:2      | Reached skill level 1 in Invocations
  1081 | D:2      | Reached skill level 1 in Short Blades
  1081 | D:2      | Reached skill level 1 in Long Blades
  1081 | D:2      | Reached skill level 1 in Axes
  1081 | D:2      | Reached skill level 1 in Maces & Flails
  1081 | D:2      | Reached skill level 1 in Staves
  1081 | D:2      | Reached skill level 1 in Slings
  1081 | D:2      | Reached skill level 1 in Bows
  1081 | D:2      | Reached skill level 1 in Crossbows
  1081 | D:2      | Reached skill level 1 in Stealth
  1081 | D:2      | Reached skill level 1 in Shields
  1081 | D:2      | Reached skill level 1 in Unarmed Combat
  1081 | D:2      | Reached skill level 1 in Evocations
  1421 | D:2      | Reached XP level 4. HP: 37/38 MP: 11/11
  1455 | D:2      | You fall into a shaft and drop 2 floors!
  1513 | D:4      | Reached skill level 1 in Conjurations
  1513 | D:4      | Reached skill level 1 in Hexes
  1513 | D:4      | Reached skill level 1 in Summonings
  1513 | D:4      | Reached skill level 1 in Necromancy
  1513 | D:4      | Reached skill level 1 in Transmutations
  1513 | D:4      | Reached skill level 1 in Fire Magic
  1513 | D:4      | Reached skill level 1 in Ice Magic
  1513 | D:4      | Reached skill level 1 in Air Magic
  1513 | D:4      | Reached skill level 1 in Earth Magic
  1513 | D:4      | Reached skill level 1 in Poison Magic
  1888 | D:3      | Reached XP level 5. HP: 43/43 MP: 12/12
  2149 | D:2      | Found a basalt altar of Yredelemnul.
  2400 | D:2      | Found a faded altar of an unknown god.
  3380 | D:4      | Reached XP level 6. HP: 39/50 MP: 13/13
  3615 | D:4      | Reached skill level 5 in Fighting
  3615 | D:4      | Reached skill level 5 in Polearms
  3615 | D:4      | Reached skill level 5 in Dodging
  3953 | D:4      | Noticed an ice beast
  3988 | D:4      | Killed an ice beast
  4227 | D:5      | Entered Level 5 of the Dungeon
  4244 | D:5      | Found Genk's Assorted Antiques.
  4273 | D:5      | Reached XP level 7. HP: 53/56 MP: 15/15
  4445 | D:5      | Noticed Pikel
  4591 | D:5      | Killed Pikel
  4591 | D:5      | Reached XP level 8. HP: 36/63 MP: 16/16
  4810 | D:5      | Found a staircase to the Ecumenical Temple.
  4846 | Temple   | Entered the Ecumenical Temple
  4872 | Temple   | Became a worshipper of Gozag Ym Sagoz the Greedy
  5380 | D:6      | Found a runed translucent gate.
  5380 | D:6      | Found a runed translucent gate.
  5380 | D:6      | Noticed oldriver's ghost (novice GrFi)
  5380 | D:6      | Noticed a skeletal warrior
  5381 | D:6      | Found a runed translucent gate.
  5775 | D:6      | Noticed Edmund
  5803 | D:6      | Killed Edmund
  6022 | D:5      | Bought a scroll labeled POTENU JULIJ for 27 gold pieces
  6022 | D:5      | Bought a slimy ring mail for 243 gold pieces
  6022 | D:5      | Bought a bubbling golden potion for 24 gold pieces
  6022 | D:5      | Bought a bubbling dark potion for 24 gold pieces
  6022 | D:5      | Bought a scroll labeled GEPNAU YL PAH for 27 gold pieces
  6203 | D:5      | Identified the cursed +0 ring mail of Distant Worlds {MR++
                  | Str+2 Int+2} (You bought it in a shop on level 5 of the
                  | Dungeon)
  6208 | D:5      | Learned a level 3 spell: Teleport Other
  6511 | D:7      | Reached XP level 9. HP: 34/69 MP: 15/18
  7377 | D:7      | Noticed a deep elf mage
  7380 | D:7      | Noticed a hellwing
  7388 | D:7      | Noticed a jumping spider
  7391 | D:7      | Killed a deep elf mage
  7391 | D:7      | Reached skill level 5 in Throwing
  7391 | D:7      | Reached skill level 5 in Armour
  7661 | D:8      | Reached skill level 5 in Invocations
  7895 | D:8      | Found Seatoirr's Antique Weapon Shop.
  7914 | D:8      | Bought an iridescent mace for 216 gold pieces
  7914 | D:8      | Identified the +9 mace "Leoreof" {flame, MR+} (You bought
                  | it in a shop on level 8 of the Dungeon)
  8007 | D:8      | Noticed a two-headed ogre
  8021 | D:8      | Killed a two-headed ogre
  8021 | D:8      | Reached skill level 5 in Short Blades
  8021 | D:8      | Reached skill level 5 in Long Blades
  8021 | D:8      | Reached skill level 5 in Axes
  8021 | D:8      | Reached skill level 5 in Maces & Flails
  8021 | D:8      | Reached skill level 5 in Staves
  8021 | D:8      | Reached skill level 5 in Slings
  8021 | D:8      | Reached skill level 5 in Bows
  8021 | D:8      | Reached skill level 5 in Crossbows
  8021 | D:8      | Reached skill level 5 in Stealth
  8021 | D:8      | Reached skill level 5 in Shields
  8021 | D:8      | Reached skill level 5 in Unarmed Combat
  8021 | D:8      | Reached skill level 5 in Evocations
  8021 | D:8      | Reached XP level 10. HP: 22/77 MP: 20/20
  8482 | D:9      | Noticed Erica
  8486 | D:9      | Paralysed by a hornet for 3 turns
  8498 | D:9      | Killed Erica
  8752 | D:9      | Found a staircase to the Lair.
  9309 | D:9      | Learned a level 4 spell: Passage of Golubria
  9834 | D:10     | Entered Level 10 of the Dungeon
 10090 | D:10     | Noticed Urug
 10205 | D:10     | Noticed a two-headed ogre
 10232 | D:10     | Killed a two-headed ogre
 10232 | D:10     | Reached XP level 11. HP: 24/84 MP: 18/22
 10296 | D:10     | Killed Urug
 10296 | D:10     | Reached skill level 5 in Conjurations
 10296 | D:10     | Reached skill level 5 in Hexes
 10296 | D:10     | Reached skill level 5 in Summonings
 10296 | D:10     | Reached skill level 5 in Necromancy
 10296 | D:10     | Reached skill level 5 in Transmutations
 10296 | D:10     | Reached skill level 5 in Fire Magic
 10296 | D:10     | Reached skill level 5 in Ice Magic
 10296 | D:10     | Reached skill level 5 in Air Magic
 10296 | D:10     | Reached skill level 5 in Earth Magic
 10296 | D:10     | Reached skill level 5 in Poison Magic
 10589 | D:10     | Noticed Harold
 10608 | D:10     | Killed Harold
 10745 | D:10     | Noticed Psyche
 10755 | D:10     | Killed Psyche
 10798 | D:10     | Noticed Erolcha
 10811 | D:10     | Killed Erolcha
 10849 | D:10     | Noticed a two-headed ogre
 10892 | D:10     | Killed a two-headed ogre
 11042 | D:10     | Found a glowing golden altar of the Shining One.
 11790 | D:11     | Noticed a five-headed hydra
 11809 | D:11     | Killed a one-headed hydra
 12011 | D:11     | Found Taviuc's Magic Scroll Shoppe.
 12528 | Lair:1   | Entered Level 1 of the Lair of Beasts
 12940 | Lair:1   | Learned a level 1 spell: Apportation
 12978 | Lair:1   | Reached XP level 12. HP: 94/94 MP: 24/24
 14080 | Temple   | Bought a bloodstained leather armour for 161 gold pieces
 14080 | Temple   | Bought a runed scarf for 184 gold pieces
 14080 | Temple   | Bought a crude robe for 131 gold pieces
 14080 | Temple   | Bought a pair of glowing boots for 172 gold pieces
 14092 | Temple   | Identified the +0 robe of Ybra {+Fly rCorr MP-9 Dex-2} (You
                  | bought it in a shop in the Ecumenical Temple)
 14116 | Temple   | Identified the +2 leather armour "Jyshumekk" {rF+} (You
                  | bought it in a shop in the Ecumenical Temple)
 15106 | Lair:2   | Noticed a seven-headed hydra
 15138 | Lair:2   | Killed a six-headed hydra
 15981 | Lair:2   | Noticed a four-headed hydra
 15995 | Lair:2   | Killed a one-headed hydra
 16485 | Lair:2   | Noticed a six-headed hydra
 16497 | Lair:2   | Killed a one-headed hydra
 16944 | Lair:2   | Found a staircase to the Swamp.
 17110 | Lair:3   | Noticed Sonja
 17129 | Lair:3   | Killed Sonja
 17436 | Lair:3   | Reached XP level 13. HP: 101/101 MP: 26/26
 19312 | Lair:4   | Found a staircase to the Snake Pit.
 19575 | Lair:4   | Gained mutation: Your system is resistant to poisons.
                  | (rPois) [potion of mutation]
 19575 | Lair:4   | Gained mutation: You have a somewhat thin skeletal
                  | structure. (Dex +2, Stealth) [potion of mutation]
 19614 | Lair:4   | Found a runed translucent door.
 19619 | Lair:4   | Identified the +8 trident of the Heavens {protect, rPois
                  | rC+ Dex+3}
 19620 | Lair:4   | Noticed TwistedFlax's ghost (journeyman MiBe)
 19852 | Lair:4   | HP: 2/101 [spriggan rider/+0 spear (22)]
 19853 | Lair:4   | Slain by a spriggan rider

Illustrated notes

Levels and vault maps discovered:
D:1:      minmay_arrival_plants_in_alcoves, layout_basic
D:2:      layout_loops_ring, yredelemnul_altar_generic,
          chequers_ecumenical_altar_lobes
D:3:      layout_basic
D:4:      layout_loops_corners, glass_columns_a
D:5:      layout_basic, minmay_temple_entry_butterflies, serial_shops, shop,
          uniq_pikel
D:6:      layout_basic, gammafunk_ghost_split, uniq_edmund
D:7:      layout_loops_cross
D:8:      cheibrodos_steamvent, layout_cave_pools, serial_shops, shop
D:9:      layout_gridville, lair_entry_dummy, uniq_erica
D:10:     layout_stronghold, basic_altar, minmay_splitting_lines,
          chequers_serial_rivers_micro_d, hangedman_decor_opposing, uniq_psyche,
          uniq_urug, uniq_erolcha, uniq_harold
D:11:     layout_roguey, erik_orc_3, serial_shops, shop
Temple:   nicolae_temple_the_god_donut
Lair:1:   layout_cave_pods
Lair:2:   layout_chaotic_city, palyth_hydra_swamp_entry
Lair:3:   layout_loops_ring, beast_lair_carwin_8, lemuel_fruit_fields,
          uniq_sonja
Lair:4:   layout_cave_pods, guppyfry_snake_entry_garden,
          ebering_ghost_funeral_grove

Skill      XL: |  1  2  3  4  5  6  7  8  9 10 11 12 13 |
---------------+----------------------------------------+-----
Spellcasting   | 5 6 7 8 9 |  9.6
Invocations    | 1 2 3 4 5 6 7 8 |  8.9
Short Blades   | 1 2 3 5 6 7 8 |  8.1
Long Blades    | 1 2 3 5 6 7 8 |  8.1
Axes           | 1 2 3 5 6 7 8 |  8.1
Maces & Flails | 1 2 3 5 6 7 8 |  8.1
Staves         | 1 2 3 5 6 7 8 |  8.1
Slings         | 1 2 3 5 6 7 8 |  8.1
Bows           | 1 2 3 5 6 7 8 |  8.1
Crossbows      | 1 2 3 5 6 7 8 |  8.1
Stealth        | 1 2 3 5 6 7 8 |  8.1
Shields        | 1 2 3 5 6 7 8 |  8.1
Unarmed Combat | 1 2 3 5 6 7 8 |  8.1
Evocations     | 1 2 3 5 6 7 8 |  8.1
Conjurations   | 1 2 3 4 5 6 |  6.7
Hexes          | 1 2 3 4 5 6 |  6.7
Summonings     | 1 2 3 4 5 6 |  6.7
Necromancy     | 1 2 3 4 5 6 |  6.7
Transmutations | 1 2 3 4 5 6 |  6.7
Fire Magic     | 1 2 3 4 5 6 |  6.7
Ice Magic      | 1 2 3 4 5 6 |  6.7
Air Magic      | 1 2 3 4 5 6 |  6.7
Earth Magic    | 1 2 3 4 5 6 |  6.7
Poison Magic   | 1 2 3 4 5 6 |  6.7
Throwing       | 3 4 5 6 7 8 |  8.5
Armour         | 3 4 5 6 7 8 |  8.5
Fighting       | 5 6 7 8 9 |  9.3
Polearms       | 5 6 7 8 9 |  9.3
Dodging        | 5 6 7 8 9 |  9.3
Translocations | 6 7 8 |  8.8

Action                   |  1- 3 |  4- 6 |  7- 9 | 10-12 | 13-15 || total
-------------------------+-------+-------+-------+-------+-------++-------
Melee: Spear             |    14 |       |       |       |       ||    14
       Dagger            |    63 |   184 |    50 |       |       ||   297
       Bite              |     6 |    17 |    37 |    71 |    17 ||   148
       Mace              |     8 |    43 |    21 |   489 |   117 ||   678
       Punch             |       |     1 |     5 |     8 |     3 ||    17
       Whip              |       |       |   262 |       |       ||   262
       Scimitar          |       |       |       |    40 |       ||    40
Throw: Boomerang         |     4 |       |       |     1 |       ||     5
       Dart              |       |    18 |    29 |   122 |    17 ||   186
       Javelin           |       |       |       |    16 |     6 ||    22
 Cast: Blink             |       |       |     2 |    44 |     2 ||    48
       Passage of Golubr |       |       |       |     1 |       ||     1
Invok: Call Merchant     |       |       |       |     1 |       ||     1
Evoke: Wand              |       |       |       |       |     4 ||     4
  Use: Scroll            |       |     3 |    14 |     7 |     1 ||    25
       Potion            |       |       |     1 |     7 |     2 ||    10
 Stab: Sleeping          |       |       |     4 |     7 |     2 ||    13
       Distracted        |       |       |     1 |     3 |     1 ||     5
Armor: Ring mail         |    28 |    82 |    86 |   186 |    31 ||   413
Dodge: Dodged            |    63 |   146 |   210 |   550 |   102 ||  1071
       Rpst.: Scimitar   |       |       |       |     6 |       ||     6

Table legend: (Time is in decaauts)
 A = Elapsed time spent in this place.
 B = Non-inter-level travel time spent in this place.
 C = Inter-level travel time spent in this place.
 D = Time resting spent in this place.
 E = Time spent auto-exploring this place.
 F = Levels seen in this place.
 G = Mean time per level.
                   A        B        C        D        E       F      G
               +--------+--------+--------+--------+--------+-----+--------+
         Total |  19808 |  19019 |    789 |   6374 |   6537 |  16 | 1238.0 |
       Dungeon |  12663 |  12052 |    611 |   3461 |   4370 |  11 | 1151.2 |
        Temple |    452 |    406 |     46 |      0 |    259 |   1 |  452.0 |
          Lair |   6692 |   6562 |    130 |   2913 |   1908 |   4 | 1673.0 |
               +--------+--------+--------+--------+--------+-----+--------+

Top non-repeatable levels by time:
  Lair:2: 2509 daAuts
    D:10: 2215 daAuts
  Lair:3: 1732 daAuts
     D:9: 1627 daAuts
  Lair:1: 1453 daAuts
     D:7: 1385 daAuts
     D:4: 1276 daAuts
     D:5: 1261 daAuts
     D:2: 1185 daAuts
  Lair:4: 996 daAuts
     D:8: 899 daAuts
     D:1: 888 daAuts
     D:3: 865 daAuts
     D:6: 733 daAuts
  Temple: 452 daAuts
